AoeStats
← MaxCaiimans

Arabia

507749324Analyzed
2v2 RM · 13d ago on Sep 19, 2026· 62m 36s· 4 players
Game mode
Random Map
Map size
Medium (4 player)
Population
200
Speed
Normal
Resources
Standard
Victory
Conquest
Starting age
Dark Age
Ending age
Imperial Age
RankedLock teamsTeams togetherTeam positionsShared explorationLock speedFull tech treeHidden civsTurbo modeCheats
Victory
Defeat
🇵🇱 Poles · Poland
591
+15
🇮🇹 Vietnamese · Italy
579
+15
🇺🇸 Khmer · United States
593
-16
🇫🇷 Franks · France
537
-14
nicola.mainardi94
5:51 Loom
12:18 Feudal Age
13:48 Double-Bit Axe
21:45 Castle Age
19:45 Horse Collar
21:27 Stone Mining
21:27 Gold Mining
22:18 Fletching
24:08 Bow Saw
23:51 Pikeman
27:37 Heavy Plow
35:52 Bodkin Arrow
35:58 Padded Archer Armor
36:09 Forging
36:00 Scale Mail Armor
37:13 Chatras
38:09 Ballistics
42:23 Imperial Age
39:41 Town Watch
40:32 Wheelbarrow
44:01 Paper Money
47:00 Caravan
47:30 Elite Rattan Archer
50:00 Leather Archer Armor
49:52 Scale Barding Armor
50:13 Bracer
51:44 Town Patrol
51:30 Capped Ram
53:21 Chemistry
52:17 Murder Holes
55:23 Halberdier
55:34 Elite Battle Elephant
62:13 Chain Barding Armor
noo___man
13:09 Feudal Age
14:26 Double-Bit Axe
14:23 Horse Collar
15:51 Bloodlines
20:25 Forging
24:41 Castle Age
24:12 Gold Mining
25:23 Scale Barding Armor
25:45 Light Cavalry
28:05 Heavy Plow
28:19 Bow Saw
29:27 Stone Mining
30:18 Husbandry
29:44 Pikeman
32:05 Iron Casting
34:12 Chain Barding Armor
37:26 Szlachta Privileges
37:51 Squires
37:37 Arson
37:55 Scale Mail Armor
45:32 Imperial Age
44:13 Thumb Ring
43:28 Crossbowman
46:47 Conscription
45:52 Cavalier
49:01 Blast Furnace
49:53 Winged Hussar
51:30 Chain Mail Armor
54:58 Man-at-Arms
59:43 Arbalester
Warco26
0:36 Loom
13:33 Feudal Age
19:43 Castle Age
17:33 Man-at-Arms
19:54 Double-Bit Axe
19:54 Horse Collar
21:03 Bow Saw
24:40 Arson
31:51 Pikeman
33:11 Wheelbarrow
MaxCaiimans
4:23 Loom
12:41 Feudal Age
13:16 Double-Bit Axe
13:28 Gold Mining
13:30 Stone Mining
18:38 Town Watch
19:29 Wheelbarrow
22:42 Arson
26:36 Castle Age
28:23 Town Patrol
28:39 Hand Cart
27:51 Elite Skirmisher
27:52 Crossbowman
28:36 Squires
30:53 Fervor
30:25 Pikeman
31:57 Bow Saw
32:42 Husbandry
36:02 Ballistics
38:56 #83
46:04 Imperial Age
46:08 Cavalier
51:04 Onager
52:36 Conscription
52:50 Elite Throwing Axeman
58:04 Halberdier
62:05 Hoardings
Connection lost

Rejoining the realm…

Still unreachable

The connection could not be restored.

Session expired

The server has moved on; the page needs a fresh start.